Map: Ley Lines

Players

ManlyManMeat - Winner!

  • Race: Protoss Protoss
  • League: Master
  • Spawn Location: 1:00

Zaxon

  • Race: Protoss Protoss
  • League: Platinum
  • Spawn Location: 7:00

VOD

Have the link to the VOD?

Description

Time

  • Played on: June 14, 2025, 11:26 a.m.
  • Length: 14:44
Show
View Real Time Build Order
Export as new Build Order

ManlyManMeat Protoss - Winner!

Build Orders: Double Forge 

Get SALT Encoding   

  12  0:03  Probe  
  12  0:15  Probe  
  12  0:24  Pylon  
  12  0:27  Probe  
  12  0:40  Probe  
  12  0:43  Gateway  
  12  0:48  Assimilator  
  12  0:49  Probe  
  12  0:57  Probe  
  12  1:10  Probe  
  12  1:22  Probe  
  12  1:33  Cybernetics Core  
  12  1:36  Gateway  
  12  1:39  Probe  
  12  1:51  Probe  
  12  1:54  Pylon  
  12  1:56  Assimilator  
  12  1:59  Warp Gate  
  12  2:00  Stalker  
  12  2:04  Probe  
  12  2:22  Nexus  
  12  2:28  Stalker  
  12  2:38  Probe  
  12  2:49  Robotics Facility  
  12  2:58  Stalker  
  12  3:05  Pylon  
  12  3:20  Stalker x2  
  12  3:28  Probe  
  12  3:34  Probe  
  12  3:40  Probe  
  12  3:43  Robotics Bay  
  12  3:47  Probe  
  12  3:52  Probe  
  12  3:58  Observer  
  12  3:59  Probe  
  12  4:02  Stalker  
  12  4:06  Probe  
  12  4:10  Assimilator  
  12  4:12  Probe  
  12  4:13  Pylon  
  12  4:16  Pylon  
  12  4:18  Probe  
  12  4:19  Observer  
  12  4:24  Zealot  
  12  4:25  Zealot  
  12  4:31  Probe  
  12  4:46  Robotics Facility  
  12  4:48  Forge  
  12  4:51  Forge  
  12  4:52  Gravitic Boosters  
  12  5:02  Protoss Ground Weapons Level 1  
  12  5:12  Immortal  
  12  5:18  Stalker  
  12  5:19  Stalker  
  12  5:28  Probe x2  
  12  5:31  Assimilator  
  12  5:33  Extended Thermal Lance  
  12  5:40  Probe x2  
  12  5:43  Immortal  
  12  5:47  Zealot  
  12  5:53  Pylon  
  12  5:55  Observer  
  12  5:58  Observer  
  12  6:08  Nexus  
  12  6:13  Pylon  
  12  6:25  Stargate  
  12  6:33  Pylon  
  12  6:36  Photon Cannon  
  12  6:37  Probe  
  12  6:38  Probe, Assimilator  
  12  6:42  Assimilator  
  12  6:44  Colossus  
  12  6:58  Protoss Ground Armor Level 1  
  12  7:04  Pylon  
  12  7:17  Sentry  
  12  7:18  Sentry  
  12  7:25  Colossus  
  12  7:39  Probe x2  
  12  7:40  Probe  
  12  7:46  Zealot x2  
  12  7:47  Protoss Shields Level 1  
  12  7:51  Probe x2  
  12  7:52  Probe  
  12  7:56  Gateway  
  12  7:57  Gateway x2  
  12  7:58  Observer  
  12  7:59  Gateway  
  12  8:01  Gateway  
  12  8:03  Gateway  
  12  8:22  Observer x2  
  12  8:26  Sentry  
  12  8:52  Zealot x2  
  12  8:53  Zealot x2  
  12  8:54  Zealot x2  
  12  8:57  Oracle  
  12  9:18  Pylon  
  12  9:23  Forge x2  
  12  9:36  Probe x3  
  12  9:48  Probe  
  12  9:50  Pylon  
  12  9:53  Assimilator  
  12  9:55  Assimilator  
  12  10:03  Probe x3  
  12  10:08  Nexus  
  12  10:09  Pylon  
  12  10:13  Shield Battery  
  12  10:15  Probe x3  
  12  10:16  Shield Battery  
  12  10:17  Photon Cannon  
  12  10:22  Photon Cannon  
  12  10:27  Probe x2  
  12  10:41  Twilight Council  
  12  10:45  Twilight Council  
  12  10:52  Protoss Ground Weapons Level 2, Protoss Shields Level 2  
  12  10:55  Robotics Bay x2  
  12  11:02  Probe, Protoss Ground Armor Level 2  
  12  11:03  Probe x2  
  12  11:07  Pylon  
  12  11:10  Pylon  
  12  11:12  Pylon  
  12  11:13  Gravitic Drive  
  12  11:14  Pylon, Probe  
  12  11:15  Probe x2  
  12  11:16  Pylon x3  
  12  11:27  Probe x3  
  12  11:31  Warp Prism  
  12  11:59  Charge  
  12  12:02  Blink  
  12  12:35  Probe x4  
  12  12:47  Probe x3  
  12  14:20  Zealot x2  
  12  14:21  Zealot x3  
Show
View Real Time Build Order
Export as new Build Order

Zaxon Protoss 

Build Orders:  

Get SALT Encoding   

Tags
 
Matchup
PvP
Replay Pack
Multiplayer
Spawn Locations
Cross Positions
Add a new tag
Caveats
  • Supply blocks, unpowered buildings, or Contaminate may cause inaccurate times.
  • Supply counts are checked every 10 seconds.